 Dungeon Crawl Stone Soup version 0.20-a0-32-gb8e7c72 (webtiles) character file.

21 KristoblXynda the Gusty (level 2, 0/11 HPs)
             Began as a Felid Air Elementalist on Nov 9, 2016.
             Slain by a jackal (2 damage)
             ... on level 1 of the Dungeon.
             The game lasted 00:01:27 (666 turns).

KristoblXynda the Gusty (Felid Air Elementalist)     Turns: 666, Time: 00:01:28

Health: 0/11       AC:  1    Str:  4    XL:     2   Next: 65%
Magic:  4/6        EV: 18    Int: 16    God:
Gold:   8          SH:  0    Dex: 16    Spells: 1 memorised, 4 levels left
                                        Lives:  0   Deaths: 0

rFire  + . .     SeeInvis +     (weapon unavailable)
rCold  + . .     Gourm    .     (armour unavailable)
rNeg   . . .     Faith    .     (shield unavailable)
rPois  +         Spirit   .     (helmet unavailable)
rElec  +         Reflect  .     (cloak unavailable)
rCorr  +         Harm     .     (gloves unavailable)
MR     .....                    (boots unavailable)
Stlth  +++.......               (no amulet)
                                (no ring)
                                (no ring)

@: resistant, quick
A: no armour, no weapons or thrown items, stealth, claws 1, fangs 3, see
invisible, carnivore 3, speed 1, shaggy fur 1, slow metabolism 1, sharp paws
a: no special abilities


You were on level 1 of the Dungeon.
You were not hungry.

You visited 1 branch of the dungeon, and saw 1 of its levels.

You collected 8 gold pieces.

Inventory:

Scrolls
 c - a scroll of identify {unknown}
Books
 a - a book of Air

   Spells                             Type                      Level
   a - Shock                          Conjuration/Air              1
   b - Swiftness                      Charms/Air                   2
   c - Repel Missiles                 Charms/Air                   2
   d - Static Discharge               Conjuration/Air              3
   e - Lightning Bolt                 Conjuration/Air              5
Comestibles
 b - a meat ration


   Skills:
 - Level 2.6 Dodging
 + Level 2.9 Stealth
 + Level 0.8 Unarmed Combat
 + Level 2.2 Spellcasting
 + Level 1.3 Conjurations
 - Level 3.0 Air Magic


You had 4 spell levels left.
You knew the following spells:

 Your Spells              Type           Power        Failure   Level  Hunger
a - Shock                 Conj/Air       #...         10%         1    #......


Dungeon Overview and Level Annotations

Branches:
Dungeon (1/15)

Altars:


Innate Abilities, Weirdness & Mutations

You cannot wear armour.
You are incapable of wielding weapons or throwing items.
Your paws allow you to move quietly. (Stealth)
You have sharp claws.
You have razor-sharp teeth.
You have supernaturally acute eyesight. (SInv)
You are carnivorous and can eat meat at any time.
You cover ground quickly.
You are covered in fur. (AC +1)
You have a slow metabolism.
Your sharp claws are effective at attacking unaware monsters.


Message History

The zap hits the ball python.
You kill the ball python!
The jackal barks!
A jackal comes into view.
The jackal barks!
Casting: Shock
Confirm with . or Enter, or press ? or * to list all spells.
Aiming: Shock
Press: ? - help, Shift-Dir - straight line, p - hobgoblin The zap misses the jackal.
The zap hits the hobgoblin.
The hobgoblin is almost dead.
The zap misses the jackal.
The jackal bites you.
* * * LOW HITPOINT WARNING * * *
Unknown command.
A bat comes into view.
Sorry, you're not good enough to have a special ability.
It was a potion of resistance.
You feel protected. The jackal closely misses you. The jackal bites you.
You die...

..#.........................#..##
..#.###..............>.........#
..........(.......##...........#
)............................###
............(.).........#...####
...#######'#.......###.........#
...#≈≈..P.≈#.......####........#
...#.≈≈≈.≈≈#...................#
.#.#≈≈≈.P≈≈#....@h#............#
.#.#PP≈.≈≈≈#.....hg............#
.#.#PP≈.P.≈#....###.h..........#
...#≈≈P.####..### #............#
...#.≈P...<#.# #.........)..#
.###########b #............#
..........#### ###h...........##
.####........# ##...$..###.#.$...
.# #........###........##.#.####


You could see 3 jackals, a hobgoblin and a bat (sleeping).

Vanquished Creatures
  2 dart slugs (D:1)
  A giant cockroach (D:1)
  4 goblins (D:1)
  4 jackals (D:1)
  A ball python (D:1)
  2 kobolds (D:1)
  2 rats (D:1)
16 creatures vanquished.

Notes
Turn   | Place    | Note
-------+----------+-------------------------------------------
     0 | D:1      | KristoblXynda the Felid Air Elementalist began the quest for the Orb.
     0 | D:1      | Reached XP level 1. HP: 7/7 MP: 4/4
    14 | D:1      | Reached skill level 1 in Conjurations
    82 | D:1      | Reached skill level 3 in Air Magic
    82 | D:1      | Reached XP level 2. HP: 3/11 MP: 1/6
   666 | D:1      | Slain by a jackal

Vault maps used:
D:1:      lightli_arrival_flooded_house

Skill      XL: |  1 |
---------------+----+-----
Conjurations   | 1 |  1.3
Air Magic      | 3 |  3.0
Dodging        | |  2.6
Stealth        | |  2.9
Unarmed Combat | |  0.8
Spellcasting   | |  2.2

Action                   || total
-------------------------++-------
Melee: Unarmed           ||    25
       Bite              ||     1
 Cast: Shock             ||    22
  Use: Potion            ||     1
 Stab: Sleeping          ||     1
Armor: Skin              ||     4
Dodge: Dodged            ||    27
